ITL
RICHMOND FLAIRS @ AMARILLO ARCHDUKES
07/09/2027
 
TOP OF THE 1ST
Richmond Flairs batting - Pitching for Amarillo Archdukes : RHP Dalton Ray
Pitching: RHP Dalton Ray
Batting: RHB Javier Rentería 0-0: Foul Ball, location: 2F
0-1: Ground out 5-3 (Groundball, 56)
Batting: RHB Freddy Padilla 0-0: Called Strike
0-1: Ball
1-1: Called Strike
1-2: Ball
2-2: Ball
3-2: Foul Ball, location: 2F
3-2: Strikes out swinging
Batting: LHB Sean Nicks 0-0: Ball
1-0: SINGLE (Groundball, 34D)
Batting: RHB Elliott Johnston 0-0: Fly out, F3 (Line Drive, 3)
Top of the 1st over - 0 run(s), 1 hit(s), 0 error(s), 1 left on base; Richmond 0 - Amarillo 0
BOTTOM OF THE 1ST
Amarillo Archdukes batting - Pitching for Richmond Flairs : RHP Jack Walker
Pitching: RHP Jack Walker
Batting: RHB José Ruíz 0-0: Called Strike
0-1: Foul Ball, location: 2F
0-2: Ball
1-2: SINGLE (Groundball, 6S) (infield hit)
Batting: RHB Jorge Espinosa 0-0: Ball
1-0: Called Strike
1-1: Called Strike
1-2: Ball
2-2: Strikes out swinging
Batting: SHB Douglas Taylor 0-0: Ball
José Ruíz is caught stealing 2nd base
1-0: Ball
2-0: Ball
3-0: Called Strike
3-1: Base on Balls
Batting: RHB Norm Francis 0-0: Ball
1-0: Fly out, F9 (Flyball, 9LSF)
Bottom of the 1st over - 0 run(s), 1 hit(s), 0 error(s), 1 left on base; Richmond 0 - Amarillo 0
TOP OF THE 2ND
Richmond Flairs batting - Pitching for Amarillo Archdukes : RHP Dalton Ray
Batting: LHB Roland Jones 0-0: Ball
1-0: Called Strike
1-1: Fly out, F8 (Flyball, 8RS)
Batting: SHB Carlos Reyes 0-0: Called Strike
0-1: Ball
1-1: Swinging Strike
1-2: Strikes out swinging
Batting: RHB R.J. Crosby 0-0: Ball
1-0: Fly out, F7 (Flyball, 7S)
Top of the 2nd over - 0 run(s), 0 hit(s), 0 error(s), 0 left on base; Richmond 0 - Amarillo 0
BOTTOM OF THE 2ND
Amarillo Archdukes batting - Pitching for Richmond Flairs : RHP Jack Walker
Batting: LHB Edwin Ryan 0-0: Called Strike
0-1: SINGLE (Groundball, 25) (infield hit)
Batting: LHB Pedro Díaz 0-0: Called Strike
0-1: Grounds into double play, 5-4-3 (Groundball, 5)
Batting: RHB José Tamayo 0-0: Ball
1-0: Called Strike
1-1: Fly out, F7 (Flyball, 7D)
Bottom of the 2nd over - 0 run(s), 1 hit(s), 0 error(s), 0 left on base; Richmond 0 - Amarillo 0
TOP OF THE 3RD
Richmond Flairs batting - Pitching for Amarillo Archdukes : RHP Dalton Ray
Batting: RHB Christian Hudson 0-0: Ball
1-0: Foul Ball, location: 2F
1-1: Swinging Strike
1-2: Ball
2-2: SINGLE (Line Drive, 34D)
Batting: SHB Adrián Miranda 0-0: Ball
1-0: Ball
2-0: Called Strike
2-1: Ball
3-1: Called Strike
3-2: Fly out, F7 (Flyball, 78XD)
Batting: RHB Javier Rentería 0-0: Ball
1-0: SINGLE (Flyball, 89S)
Christian Hudson to second
Runner from 2nd tries for 3rd, SAFE, throw made to third
Batting: RHB Freddy Padilla 0-0: Ball
Javier Rentería steals 2nd base
1-0: Called Strike
1-1: Fly out, F5 (Line Drive, 5)
Batting: LHB Sean Nicks 0-0: Swinging Strike
0-1: Foul Ball, location: 2F
0-2: Ball
1-2: Strikes out swinging
Top of the 3rd over - 0 run(s), 2 hit(s), 0 error(s), 2 left on base; Richmond 0 - Amarillo 0
BOTTOM OF THE 3RD
Amarillo Archdukes batting - Pitching for Richmond Flairs : RHP Jack Walker
Batting: RHB Herb Bunch 0-0: Called Strike
0-1: Ball
1-1: Called Strike
1-2: Ball
2-2: SOLO HOME RUN (Flyball, 9LD), Distance : 335 ft
Batting: RHB Paul Ladd 0-0: Called Strike
0-1: Ball
1-1: Swinging Strike
1-2: Ball
2-2: Strikes out swinging, 2-3 out at first.
Batting: RHB José Ruíz 0-0: Ball
1-0: Ball
2-0: Called Strike
2-1: Foul Ball, location: 2F
2-2: Ball
3-2: Base on Balls
Batting: RHB Jorge Espinosa 0-0: Ball
1-0: Ball
2-0: Grounds into double play, 5-4-3 (Groundball, 56)
Bottom of the 3rd over - 1 run(s), 1 hit(s), 0 error(s), 0 left on base; Richmond 0 - Amarillo 1
TOP OF THE 4TH
Richmond Flairs batting - Pitching for Amarillo Archdukes : RHP Dalton Ray
Batting: RHB Elliott Johnston 0-0: Swinging Strike
0-1: Foul Ball, location: 2F
0-2: Ball
1-2: Ball
2-2: Ball
3-2: Foul Ball, location: 2F
3-2: Foul Ball, location: 2F
3-2: Strikes out looking
Batting: LHB Roland Jones 0-0: Ground out U3 (Groundball, 34)
Batting: SHB Carlos Reyes 0-0: SINGLE (Groundball, 56S) (infield hit)
Batting: RHB R.J. Crosby 0-0: Ball
1-0: SINGLE (Groundball, 34D)
Carlos Reyes to second
Runner from 2nd tries for 3rd, SAFE, throw made to third
Batting: RHB Christian Hudson 0-0: Swinging Strike
0-1: Ball
1-1: Ball
2-1: Ball
3-1: Called Strike
3-2: Base on Balls
R.J. Crosby to second
Batting: SHB Adrián Miranda 0-0: Ball
1-0: Called Strike
1-1: Ball
2-1: Foul Ball, location: 2F
2-2: Ball
3-2: Fly out, F4 (Popup, 4)
Top of the 4th over - 0 run(s), 2 hit(s), 0 error(s), 3 left on base; Richmond 0 - Amarillo 1
BOTTOM OF THE 4TH
Amarillo Archdukes batting - Pitching for Richmond Flairs : RHP Jack Walker
Batting: SHB Douglas Taylor 0-0: Called Strike
0-1: Foul Ball, location: 2F
0-2: Ball
1-2: Fly out, F5 (Popup, 56S)
Batting: RHB Norm Francis 0-0: Ball
1-0: SINGLE (Groundball, 6MD)
Batting: LHB Edwin Ryan 0-0: Ball
1-0: SINGLE (Groundball, 3D)
Norm Francis to second
Runner from 2nd tries for 3rd, SAFE, throw made to third
Batting: LHB Pedro Díaz 0-0: Called Strike
0-1: Foul Ball, location: 2F
0-2: Foul Ball, location: 2F
0-2: Foul Ball, location: 2F
0-2: Grounds into double play, 4-6-3 (Groundball, 4)
Bottom of the 4th over - 0 run(s), 2 hit(s), 0 error(s), 1 left on base; Richmond 0 - Amarillo 1
TOP OF THE 5TH
Richmond Flairs batting - Pitching for Amarillo Archdukes : RHP Dalton Ray
Batting: RHB Javier Rentería 0-0: Ball
1-0: Called Strike
1-1: SINGLE (Line Drive, 4M)
Batting: RHB Freddy Padilla 0-0: Ball
1-0: Swinging Strike
1-1: Ball
2-1: Fielders Choice at 2nd, 5-4 (Groundball, 5L)
Batting: LHB Sean Nicks 0-0: Called Strike
0-1: Ball
1-1: Foul Ball, location: 2F
1-2: Foul Ball, location: 2F
1-2: Foul Ball, location: 2F
1-2: Ground out U3 (Groundball, 3)
Freddy Padilla to second
Batting: RHB Elliott Johnston 0-0: Called Strike
0-1: Foul Ball, location: 2F
0-2: Ground out 4-3 (Groundball, 4)
Top of the 5th over - 0 run(s), 1 hit(s), 0 error(s), 1 left on base; Richmond 0 - Amarillo 1
BOTTOM OF THE 5TH
Amarillo Archdukes batting - Pitching for Richmond Flairs : RHP Jack Walker
Batting: RHB José Tamayo 0-0: Ball
1-0: Called Strike
1-1: Foul Ball, location: 2F
1-2: Strikes out looking
Batting: RHB Herb Bunch 0-0: Called Strike
0-1: Ball
1-1: Swinging Strike
1-2: Foul Ball, location: 2F
1-2: Ball
2-2: Strikes out looking
Batting: RHB Paul Ladd 0-0: Called Strike
0-1: Foul Ball, location: 2F
0-2: Ground out 5-3 (Groundball, 56)
Bottom of the 5th over - 0 run(s), 0 hit(s), 0 error(s), 0 left on base; Richmond 0 - Amarillo 1
TOP OF THE 6TH
Richmond Flairs batting - Pitching for Amarillo Archdukes : RHP Dalton Ray
Batting: LHB Roland Jones 0-0: Called Strike
0-1: Ball
1-1: SOLO HOME RUN (Flyball, 89XD), Distance : 374 ft
Batting: SHB Carlos Reyes 0-0: Ball
1-0: Ball
2-0: Ball
3-0: Called Strike
3-1: Base on Balls
Pitching: LHP Kevin Andrews
Batting: RHB R.J. Crosby 0-0: Foul Ball, location: 2F
0-1: Ball
1-1: Foul Ball, location: 2F
1-2: Grounds into double play, 4-6-3 (Groundball, 34)
Batting: RHB Christian Hudson 0-0: Called Strike
0-1: SINGLE (Groundball, 34D)
Batting: SHB Adrián Miranda 0-0: Called Strike
0-1: Fly out, F8 (Line Drive, 8LM)
Top of the 6th over - 1 run(s), 2 hit(s), 0 error(s), 1 left on base; Richmond 1 - Amarillo 1
BOTTOM OF THE 6TH
Amarillo Archdukes batting - Pitching for Richmond Flairs : RHP Jack Walker
Batting: RHB José Ruíz 0-0: SINGLE (Groundball, 34D)
Batting: RHB Jorge Espinosa 0-0: Fly out, F7 (Line Drive, 7)
Batting: SHB Douglas Taylor 0-0: Called Strike
0-1: Foul Ball, location: 2F
0-2: Foul Ball, location: 2F
0-2: Ball
1-2: Ball
2-2: SINGLE (Groundball, 3D)
José Ruíz to second
José Ruíz to third
Batting: RHB Norm Francis 0-0: Ball
1-0: SINGLE (Line Drive, 4D)
José Ruíz scores
Douglas Taylor to second
Batting: LHB Edwin Ryan 0-0: Ball
Douglas Taylor steals 3rd base
Norm Francis to second
1-0: Called Strike
1-1: Ball
2-1: Foul Ball, location: 2F
2-2: Strikes out swinging
Batting: LHB Pedro Díaz 0-0: Ball
1-0: Called Strike
1-1: Ground out 4-3 (Groundball, 4)
Bottom of the 6th over - 1 run(s), 3 hit(s), 0 error(s), 2 left on base; Richmond 1 - Amarillo 2
TOP OF THE 7TH
Richmond Flairs batting - Pitching for Amarillo Archdukes : LHP Kevin Andrews
Batting: RHB Javier Rentería 0-0: Ground out 1-3 (Groundball, 13S)
Batting: RHB Freddy Padilla 0-0: Ball
1-0: Called Strike
1-1: Fly out, F8 (Flyball, 8LM)
Batting: LHB Sean Nicks 0-0: Swinging Strike
0-1: Swinging Strike
0-2: Ball
1-2: Strikes out looking
Top of the 7th over - 0 run(s), 0 hit(s), 0 error(s), 0 left on base; Richmond 1 - Amarillo 2
BOTTOM OF THE 7TH
Amarillo Archdukes batting - Pitching for Richmond Flairs : RHP Jack Walker
Batting: RHB José Tamayo 0-0: Ball
1-0: Foul Ball, location: 2F
1-1: Called Strike
1-2: Strikes out looking
Batting: RHB Herb Bunch 0-0: Ball
1-0: Ball
2-0: Ball
3-0: Ground out 4-3 (Groundball, 4M)
Batting: RHB Paul Ladd 0-0: Foul Ball, location: 2F
0-1: Swinging Strike
0-2: Ball
1-2: Ball
2-2: Ball
3-2: Strikes out looking
Bottom of the 7th over - 0 run(s), 0 hit(s), 0 error(s), 0 left on base; Richmond 1 - Amarillo 2
TOP OF THE 8TH
Richmond Flairs batting - Pitching for Amarillo Archdukes : LHP Kevin Andrews
Pitching: RHP Raymond Gregg
Batting: RHB Elliott Johnston 0-0: Called Strike
0-1: Foul Ball, location: 2F
0-2: Strikes out swinging
Pitching: LHP Charlie Conner
Batting: LHB Roland Jones 0-0: Foul Ball, location: 2F
0-1: Ball
1-1: Ball
2-1: Ground out 6-3 (Groundball, 6)
Pitching: RHP Larry Pérez
Batting: SHB Carlos Reyes 0-0: Ball
1-0: Ball
2-0: Called Strike
2-1: Ground out 6-3 (Groundball, 6MD)
Top of the 8th over - 0 run(s), 0 hit(s), 0 error(s), 0 left on base; Richmond 1 - Amarillo 2
BOTTOM OF THE 8TH
Amarillo Archdukes batting - Pitching for Richmond Flairs : RHP Jack Walker
Pitching: RHP Lorenzo Ramos
Batting: RHB José Ruíz 0-0: Ball
1-0: Ball
2-0: Ball
3-0: Base on Balls
Batting: RHB Jorge Espinosa 0-0: Ball
1-0: Bunt missed!
1-1: Bunt missed!
1-2: Ball
2-2: Grounds into double play, 6-4-3 (Groundball, 6)
Batting: SHB Douglas Taylor 0-0: Swinging Strike
0-1: Called Strike
0-2: Ball
1-2: Strikes out swinging
Bottom of the 8th over - 0 run(s), 0 hit(s), 0 error(s), 0 left on base; Richmond 1 - Amarillo 2
TOP OF THE 9TH
Richmond Flairs batting - Pitching for Amarillo Archdukes : RHP Larry Pérez
Pitching: LHP Rob Lucas
Batting: RHB R.J. Crosby 0-0: Ball
1-0: DOUBLE (Flyball, 89D)
Pinch Hitting: RHB Tadakuni Sugiyama 0-0: Ball
1-0: Foul Ball, location: 2F
1-1: Bunted foul
1-2: Ball
2-2: Foul Ball, location: 2F
2-2: SINGLE (Flyball, 7S)
R.J. Crosby to third
Runner from 3rd tries for Home, SAFE, throw made home
Batting: SHB Adrián Miranda 0-0: Sac Bunt - play at first, batter OUT! 1-4
Tadakuni Sugiyama to second
Batting: RHB Javier Rentería 0-0: Ball
1-0: Ground out 4-3 (Groundball, 4MD)
Tadakuni Sugiyama to third
Batting: RHB Freddy Padilla 0-0: Called Strike
0-1: Ball
1-1: Foul Ball, location: 2F
1-2: Strikes out swinging
Top of the 9th over - 1 run(s), 2 hit(s), 0 error(s), 1 left on base; Richmond 2 - Amarillo 2
BOTTOM OF THE 9TH
Amarillo Archdukes batting - Pitching for Richmond Flairs : RHP Lorenzo Ramos
Now at SS: Maresuke Yoshida
Batting: RHB Norm Francis 0-0: Ball
1-0: Foul Ball, location: 2F
1-1: Called Strike
1-2: Ball
2-2: Ball
3-2: Ground out 6-3 (Groundball, 6)
Pitching: LHP Salvador Rodríguez
Batting: LHB Edwin Ryan 0-0: Ball
1-0: Foul Ball, location: 2F
1-1: Fly out, F8 (Line Drive, 89M)
Pitching: RHP Hyeong-uk Yi
Batting: LHB Pedro Díaz 0-0: Foul Ball, location: 2F
0-1: Fly out, F9 (Flyball, 9D)
Bottom of the 9th over - 0 run(s), 0 hit(s), 0 error(s), 0 left on base; Richmond 2 - Amarillo 2
TOP OF THE 10TH
Richmond Flairs batting - Pitching for Amarillo Archdukes : LHP Rob Lucas
Batting: LHB Sean Nicks 0-0: Called Strike
0-1: Foul Ball, location: 2F
0-2: Foul Ball, location: 2F
0-2: Ground out 4-3 (Groundball, 34D)
Batting: RHB Elliott Johnston 0-0: SINGLE (Groundball, 34D)
Pinch Hitting: RHB Hollis Wood 0-0: Swinging Strike
0-1: Swinging Strike
0-2: Ball
1-2: Ball
2-2: SINGLE (Line Drive, 6M)
Elliott Johnston to second
Batting: SHB Carlos Reyes 0-0: SINGLE (Groundball, 6MD)
Elliott Johnston to third
Hollis Wood to second
Throwing error, E8
Elliott Johnston scores
Hollis Wood to third
Carlos Reyes to second
Batting: RHB R.J. Crosby 0-0: Intentional Walk
Pinch Hitting: RHB Jack Ray 0-0: Swinging Strike
0-1: Called Strike
0-2: Ball
1-2: Strikes out looking
Batting: SHB Adrián Miranda 0-0: Called Strike
0-1: Ball
1-1: Foul Ball, location: 2F
1-2: Strikes out swinging
Top of the 10th over - 1 run(s), 3 hit(s), 1 error(s), 3 left on base; Richmond 3 - Amarillo 2
BOTTOM OF THE 10TH
Amarillo Archdukes batting - Pitching for Richmond Flairs : RHP Hyeong-uk Yi
Pitching: RHP Alfonso Rodríguez
Now at 2B: Jack Ray
Now at 3B: Guo-xiu Hsueh
Now in LF: Mike Young
Batting: RHB José Tamayo 0-0: Ball
1-0: Called Strike
1-1: Foul Ball, location: 2F
1-2: Ball
2-2: Foul Ball, location: 2F
2-2: Foul Ball, location: 2F
2-2: Strikes out swinging
Batting: RHB Herb Bunch 0-0: Ball
1-0: Called Strike
1-1: Swinging Strike
1-2: Strikes out swinging
Pinch Hitting: LHB Chris Pryor 0-0: Foul Ball, location: 2F
0-1: Ball
1-1: Ground out 6-3 (Groundball, 6)
Bottom of the 10th over - 0 run(s), 0 hit(s), 0 error(s), 0 left on base; Richmond 3 - Amarillo 2
Thursday, March 30th, 2017 - OOTP Baseball 17.12 Build 75